 Dungeon Crawl Stone Soup version 0.27-a0-263-gc8dee61f84 (webtiles) character file.

Game seed: 5780834542383262804

81 knot the Chopper (level 4, 50/52 HPs)
             Began as a Demonspawn Berserker on Feb 5, 2021.
             Was a Believer of Trog.
             Quit the game on level 3 of the Dungeon.
             The game lasted 00:02:09 (1590 turns).

knot the Chopper (Demonspawn Berserker)             Turns: 1590, Time: 00:02:09

Health: 50/52      AC:  6    Str: 17    XL:     4   Next: 20%
Magic:  4/4        EV: 12    Int:  9    God:    Trog [**....]
Gold:   78         SH:  0    Dex: 13    Spells: 3/3 levels left

rFire    . . .     SeeInvis .   a - +0 hand axe
rCold    . . .     Faith    .   (no shield)
rNeg     + . .     Spirit   .   n - +0 ring mail
rPois    .         Reflect  .   (no helmet)
rElec    .         Harm     .   o - +0 cloak
rCorr    .         Rampage  .   (no gloves)
Will     .....                  (no boots)
Stlth    ..........             (no amulet)
HPRegen  0.17/turn              (no ring)
MPRegen  0.09/turn              j - ring of positive energy

@: berserking, very quick
A: powered by pain 1, sturdy frame 2
a: Renounce Religion, Berserk, Trog's Hand


You were on level 3 of the Dungeon.
You worshipped Trog.
Trog was pleased with you.
You visited 1 branch of the dungeon, and saw 3 of its levels.

You collected 78 gold pieces.

Inventory:

Hand Weapons
 a - a +0 hand axe (weapon)
Missiles
 d - 12 poisoned darts
 g - 18 stones
 k - 20 sling bullets
Armour
 n - a +0 ring mail (worn)
 o - a +0 cloak (worn)
Jewellery
 j - a ring of positive energy (right hand)
Scrolls
 b - a scroll of fear {unknown}
 c - a scroll of blinking {unknown}
 e - a scroll of fog {unknown}
 h - 5 scrolls of identify {unknown}
 i - a scroll of immolation {unknown}
 l - 2 scrolls of teleportation {unknown}
 m - a scroll of remove curse
Potions
 f - 3 potions of degeneration {unknown}


   Skills:
 - Level 3.0 Fighting
 + Level 4.6 Axes
 - Level 1.7 Armour
 - Level 1.7 Dodging


You had 3 spell levels left.
You didn't know any spells.
Your spell library was empty.

Dungeon Overview and Level Annotations

Branches:
Dungeon (3/15)

Altars:
Ashenzari
Cheibriados
Fedhas
Kikubaaqudgha
Nemelex Xobeh
Okawaru
Ru
Sif Muna


Innate Abilities, Weirdness & Mutations

You sometimes gain a little power by taking damage.
Your movements are less encumbered by armour. (ER -4)


Message History

You hit the worm.
The worm is heavily wounded.
The worm barely misses you.
A red film seems to cover your vision as you go berserk!
You feel yourself moving faster!
You feel mighty!
You slash the worm!
You kill the worm!
Trog accepts your kill.
You hit Jessica but do no damage.
Jessica gestures wildly while chanting.
Jessica seems to speed up.
You closely miss Jessica. Jessica completely misses you.
You slice Jessica!!
You kill Jessica!
Trog accepts your kill.
Trog appreciates your killing of a magic user.
You have reached level 4!
You feel agile.
Your demonic ancestry asserts itself...
You feel energised by your suffering.
Are you sure you want to abandon this character and quit the game? (Confirm with "yes".)

.#.# .#.## ..
...<# .
#######....## .##
....#....... ...
#.#.#....... ###
#.# #.#.#.......
..# #.#
#...@[...... #.#
#†# #.#.###.?.#.
#.# #†# #.#.# ...
#.###.## #.#.. .
###.##.[.####.####
..............#
###.##...####.#
###.###.#####.###
.................


There were no monsters in sight!

Vanquished Creatures
  Jessica (D:3)
  An ooze (D:2)
  A worm (D:3)
  2 dart slugs (D:2)
  A ball python (D:2)
  8 bats
  2 giant cockroaches
  6 goblins
  A hobgoblin (D:2)
  7 jackals
  3 kobolds
  A quokka (D:2)
  2 frilled lizards (D:2)
  6 rats
42 creatures vanquished.

Vanquished Creatures (others)
  A plant (D:2)
1 creature vanquished.

Grand Total: 43 creatures vanquished

Notes
Turn   | Place    | Note
-------+----------+-------------------------------------------
     0 | D:1      | knot the Demonspawn Berserker began the quest for the Orb.
     0 | D:1      | Reached XP level 1. HP: 18/18 MP: 1/1
   197 | D:1      | Reached skill level 3 in Axes
   224 | D:1      | Gained mutation: Your movements are slightly less
                  | encumbered by armour. (ER -2) [demonic ancestry]
   224 | D:1      | Reached XP level 2. HP: 24/24 MP: 2/2
   821 | D:2      | Found a broken altar of Ashenzari.
   837 | D:2      | Reached ** piety under Trog
   900 | D:2      | Found an ancient bone altar of Kikubaaqudgha.
   901 | D:2      | Found a blossoming altar of Fedhas.
   906 | D:2      | Gained mutation: Your movements are less encumbered by
                  | armour. (ER -4) [demonic ancestry]
   906 | D:2      | Reached XP level 3. HP: 29/29 MP: 3/3
   969 | D:2      | Found a sparkling altar of Nemelex Xobeh.
  1050 | D:2      | Reached skill level 4 in Axes
  1365 | D:2      | Found a shimmering blue altar of Sif Muna.
  1369 | D:2      | Found a snail-covered altar of Cheibriados.
  1393 | D:2      | Found a sacrificial altar of Ru.
  1479 | D:2      | Found an iron altar of Okawaru.
  1582 | D:3      | Noticed Jessica
  1589 | D:3      | Killed Jessica
  1590 | D:3      | Gained mutation: You sometimes gain a little power by
                  | taking damage. [demonic ancestry]
  1590 | D:3      | Reached XP level 4. HP: 35/35 MP: 4/4
  1590 | D:3      | Quit the game

Illustrated notes

Levels and vault maps discovered:
D:1:      saegor_arrival_simple_c, layout_basic, minmay_misc_feat_plants
D:2:      layout_rooms, grunt_temple_overflow_growth_and_decay,
          nicolae_overflow_crystal_walls, evilmike_ruin_ashenzari,
          marbit_many_paths, grunt_temple_overflow_diamond
D:3:      minmay_chambers_of_twos, layout_loops_ring, serial_glass,
          glass_columns_b, glass_columns_a, uniq_jessica

Skill      XL: |  1  2  3 |
---------------+----------+-----
Axes           | 3 4 |  4.6
Fighting       | |  3.0
Armour         | |  1.7
Dodging        | |  1.7

Action                   |  1- 3 |  4- 6 || total
-------------------------+-------+-------++-------
Melee: Hand axe          |   111 |       ||   111
Invok: Berserk           |     3 |       ||     3
  Use: Scroll            |     1 |       ||     1
 Stab: Sleeping          |     2 |       ||     2
Armor: Animal skin       |    10 |       ||    10
       Ring mail         |    11 |       ||    11
Dodge: Dodged            |    73 |       ||    73

Table legend: (Time is in decaauts)
 A = Elapsed time spent in this place.
 B = Non-inter-level travel time spent in this place.
 C = Inter-level travel time spent in this place.
 D = Time resting spent in this place.
 E = Time spent auto-exploring this place.
 F = Levels seen in this place.
 G = Mean time per level.
                   A        B        C        D        E       F      G
               +--------+--------+--------+--------+--------+-----+--------+
         Total |   1618 |   1524 |     94 |     49 |   1152 |   3 |  539.3 |
       Dungeon |   1618 |   1524 |     94 |     49 |   1152 |   3 |  539.3 |
               +--------+--------+--------+--------+--------+-----+--------+

Top non-repeatable levels by time:
     D:1: 834 daAuts
     D:2: 712 daAuts
     D:3: 72 daAuts
